 Dungeon Crawl Stone Soup version 0.19-a0-1041-g82b1012 (webtiles) character file.

723 4thArraOfDagon the Slasher (level 7, -2/63 HPs)
             Began as a Hill Orc Hunter on July 30, 2016.
             Was an Initiate of Ru.
             Shot with an arrow by a centaur (6 damage)
             ... on level 8 of the Dungeon.
             The game lasted 00:18:07 (3243 turns).

4thArraOfDagon the Slasher (Hill Orc Hunter)        Turns: 3243, Time: 00:18:08

Health: -2/63      AC: 10    Str: 15    XL:     7   Next: 71%
Magic:  7/7        EV:  7    Int: 13    God:    Ru [......]
Gold:   61         SH:  0    Dex:  9    Spells: 0 memorised, 6 levels left

rFire  . . .     SeeInvis .     s - +4 Vampire's Tooth {vamp}
rCold  . . .     Gourm    .     q - +0 chain mail
rNeg   . . .     Faith    .     (no shield)
rPois  .         Spirit   .     (no helmet)
rElec  .         Dismiss  .     (no cloak)
rCorr  .         Reflect  .     (no gloves)
SustAt .         Harm     .     (no boots)
MR     .....                    (no amulet)
Stlth  ..........               (no ring)
                                C - -2 ring of dexterity (curse)

@: lethally poisoned (-2 -> -3), very slightly contaminated, not resistant to
hostile enchantments, extremely unstealthy
A: shaggy fur 1
a: Renounce Religion


You were on level 8 of the Dungeon.
You worshipped Ru.
Ru was noncommittal.
You were very hungry.

You visited 2 branches of the dungeon, and saw 9 of its levels.
You also visited: Ossuary.

You collected 153 gold pieces.
You spent 92 gold pieces at shops.

Inventory:

Hand Weapons
 a - a +0 short sword
 i - a +0 long sword of protection
 p - a +0 hand axe of freezing
 s - the +4 Vampire's Tooth (weapon) {vamp}
   (You found it on level 5 of the Dungeon)

   It inflicts no extra harm, but heals its wielder somewhat when it strikes a
   living foe.
Missiles
 c - 5 javelins (quivered)
 g - 28 stones
 h - 9 tomahawks
Armour
 b - a +0 leather armour
 o - a +0 ring mail
 q - a +0 chain mail (worn)
 t - a +0 robe of resistance
Jewellery
 C - a cursed -2 ring of dexterity (left hand)
Wands
 m - a wand of teleportation (0/9)
Scrolls
 d - a scroll of noise {unknown}
 j - a scroll of fog {unknown}
 r - a scroll of vulnerability {unknown}
 y - a scroll of amnesia {unknown}
 A - 2 scrolls of blinking {unknown}
Potions
 e - a potion of mutation {unknown}
 k - a potion of brilliance {unknown}
 l - a potion of cure mutation
 n - a potion of haste
 x - a potion of curing {unknown}
 z - a potion of magic {unknown}
Comestibles
 f - a bread ration
 B - a meat ration


   Skills:
 - Level 6.0 Fighting
 * Level 6.1 Long Blades
 - Level 3.6 Throwing
 + Level 3.5 Armour
 - Level 1.5 Dodging
 - Level 0.7 Stealth


You had 6 spell levels left.
You didn't know any spells.

Dungeon Overview and Level Annotations

Branches:
Dungeon (8/15)             Temple (1/1) D:5
   Lair: D:8-11

Altars:
Ashenzari
Gozag
Hepliaklqana
Kikubaaqudgha
Makhleb
Nemelex Xobeh
Okawaru
Qazlal
Ru
Sif Muna
Trog
Uskayaw
Vehumet
Xom
Yredelemnul
Zin
The Shining One

Shops:
D:5 *

Annotations:
D:6 Eustachio


Innate Abilities, Weirdness & Mutations

You are covered in fur. (AC +1)


Message History

Unknown command.
Unknown command.
Unknown command.
Unknown command.
You feel sick.
You feel sick.
You feel sick.
You feel sick.
Unknown command.
You feel sick.
Unknown command.
Unknown command.
There is a stone staircase leading down here.
Unknown command.
You feel sick.
You climb downwards.
A centaur and a skeleton come into view.
The centaur shouts!
The centaur wields a shortbow.
The centaur shoots an arrow.
The arrow hits you.
You die...

.c.......
##.......##
#.........#
#.........#
#.........#
#.........#
#.........#
#.@.....#
##...Z.##
#######


You could see a centaur and a giant frog skeleton.

Vanquished Creatures
  A scorpion (D:5)
  A killer bee (D:7)
  4 howler monkeys
  2 vampire bats
  A crimson imp (D:4)
  A hound (D:4)
  An orc priest (D:4)
  2 jellies (D:5)
  2 worker ants
  A killer bee zombie (D:5)
  A mummy (D:5)
  5 gnolls
  4 adders
  An ooze (D:3)
  2 worms (D:3)
  A dart slug (D:2)
  2 giant geckos
  8 orcs
  7 giant cockroaches
  4 goblins
  9 hobgoblins
  8 jackals
  A quokka (D:4)
  12 bats
  3 giant newts
  3 kobolds
  A rat (D:1)
88 creatures vanquished.

Notes
Turn   | Place    | Note
-------+----------+-------------------------------------------
     0 | D:1      | 4thArraOfDagon the Hill Orc Hunter began the quest for the Orb.
     0 | D:1      | Reached XP level 1. HP: 18/18 MP: 1/1
   199 | D:1      | Reached XP level 2. HP: 26/26 MP: 2/2
   396 | D:2      | hmmm
   396 | D:2      | into swords again
   528 | D:2      | Found a sparkling altar of Nemelex Xobeh.
   573 | D:2      | Reached XP level 3. HP: 33/33 MP: 3/3
   596 | D:2      | Reached skill level 1 in Long Blades
   879 | D:2      | Reached XP level 4. HP: 38/40 MP: 4/4
  1023 | D:3      | Reached XP level 5. HP: 43/47 MP: 5/5
  1442 | D:4      | Reached skill level 5 in Fighting
  1580 | D:4      | Found a burning altar of Makhleb.
  1837 | D:5      | Entered Level 5 of the Dungeon
  1848 | D:4      | Reached skill level 1 in Armour
  1848 | D:4      | Reached XP level 6. HP: 46/56 MP: 6/6
  2100 | D:4      | Reached skill level 5 in Long Blades
  2128 | D:5      | Noticed a phantom
  2196 | D:4      | Reached XP level 7. HP: 54/61 MP: 7/7
  2423 | D:5      | Found a sand-covered staircase.
  2433 | D:5      | Meriados: can you open the skills tab_
  2439 | D:5      | Meriados: ?
  2445 | Ossuary  | Entered an ossuary
  2446 | Ossuary  | 4thArraOfDagon: this
  2446 | Ossuary  | Meriados: thank you
  2446 | Ossuary  | 4thArraOfDagon: np
  2486 | D:5      | Found Nugubb's Assorted Antiques.
  2494 | D:5      | Bought a twisted brass wand for 92 gold pieces
  2652 | D:5      | Found a staircase to the Ecumenical Temple.
  2661 | Temple   | Entered the Ecumenical Temple
  2662 | Temple   | lets take
  2668 | Temple   | Became a worshipper of Ru the Awakened
  2759 | D:6      | Found an ancient bone altar of Kikubaaqudgha.
  2813 | D:6      | Noticed Eustachio
  3222 | D:7      | Gained mutation: You are covered in fur. (AC +1) [potion of beneficial mutation]
  3222 | D:7      | HP: 1/63 [killer bee (7)]
  3243 | D:8      | Shot with an arrow by a centaur

Vault maps used:
D:1:      dpeg_arrival_pits, minmay_hexomino_p4
D:2:      minmay_door_path, nemelex_diamond_rough_becter
D:3:      lemuel_coloured_pillars_altar, uniq_crazy_yiuf_cottage
D:4:      lemuel_round_altar, first_bread, sigmund_army
D:5:      serial_shops, nicolae_shop_overgrown_old_shop,
          gup_ossuary_entry_pyramid, minmay_guarded_unrand_vampires_tooth
D:6:      kiku_gazebo_pond_becter, uniq_eustachio
D:7:      uniq_duvessa
D:8:      lemuel_crystal_altar, minitemple
Temple:   nicolae_temple_no_exploring_needed
Ossuary:  ossuary_tomb_1

Skill      XL: |  1  2  3  4  5  6  7 |
---------------+----------------------+-----
Fighting       | 3 4 5 6 |  6.0
Long Blades    | 2 3 4 5 6 |  6.1
Armour         | 1 2 3 |  3.5
Throwing       | |  3.6
Dodging        | |  1.5
Stealth        | |  0.7

Action                   |  1- 3 |  4- 6 |  7- 9 || total
-------------------------+-------+-------+-------++-------
Melee: Short sword       |    38 |       |       ||    38
       Long sword        |    65 |   219 |       ||   284
       Dagger            |       |     4 |   207 ||   211
Throw: Javelin           |     7 |     8 |    10 ||    25
       Tomahawk          |    12 |     1 |       ||    13
       Throwing net      |       |     4 |       ||     4
       Stone             |       |       |     1 ||     1
Evoke: Wand              |       |       |     3 ||     3
  Use: Scroll            |       |     5 |     3 ||     8
       Potion            |       |     2 |     4 ||     6
  Eat: Chunk             |       |     4 |       ||     4
       Bread ration      |       |     2 |       ||     2
Armor: Leather armour    |    28 |    15 |       ||    43
       Chain mail        |       |   187 |   132 ||   319
       Robe              |       |     7 |       ||     7
Dodge: Dodged            |    70 |    66 |    66 ||   202
